 Dungeon Crawl Stone Soup version 0.17-a0-802-g1f09329 (webtiles) character file.

30 Hanyuu the Insei (level 3, -3/23 HPs)
             Began as an Octopode Transmuter on Apr 26, 2015.
             Slain by an adder (5 damage)
             ... on level 2 of the Dungeon.
             The game lasted 00:02:43 (1464 turns).

Hanyuu the Insei (Octopode Transmuter)              Turns: 1464, Time: 00:02:43

Health: -3/23      AC:  1    Str:  9    XL:     3   Next: 20%
Magic:  6/6        EV: 12    Int: 15    God:
Gold:   102        SH:  0    Dex: 13    Spells: 2 memorised, 3 levels left

rFire  . . .     SeeInvis .       - Unarmed
rCold  . . .     Clarity  .     (no shield)
rNeg   . . .     SustAb   .     d - +0 hat
rPois  .         Gourm    .     (no amulet)
rElec  .         Spirit   .     (no ring)
rCorr  .         Warding  .     (no ring)
rMut   .         Stasis   .     (no ring)
MR     .....                    (no ring)
Stlth  ++........               (no ring)
                                (no ring)
                                (no ring)
                                (no ring)

@: lethally poisoned (-3 -> -14), not resistant to hostile enchantments,
unstealthy
A: almost no armour, amphibious, 8 rings, constrict 8, camouflage 1, gelatinous
body 1
a: no special abilities


You were on level 2 of the Dungeon.
You were not hungry.

You visited 1 branch of the dungeon, and saw 2 of its levels.

You collected 102 gold pieces.

Inventory:

Missiles
 a - 38 arrows
Armour
 d - a +0 hat (worn)
Magical devices
 h - a wand of confusion (29)
Scrolls
 j - 2 scrolls of identify {unknown}
Potions
 e - a potion of agility {unknown}
 g - a potion of heal wounds {unknown}
Books
 b - a book of Changes

   Spells                             Type                      Level
   a - Beastly Appendage              Transmutation                1
   b - Sticks to Snakes               Transmutation                2
   c - Spider Form                    Transmutation/Poison         3
   d - Ice Form                       Ice/Transmutation            4
   e - Blade Hands                    Transmutation                5
Comestibles
 c - 3 bread rations
 f - a beef jerky
 i - 2 meat rations


   Skills:
 - Level 1.0 Fighting
 - Level 2.0 Dodging
 + Level 4.2 Unarmed Combat
 - Level 2.0 Spellcasting
 - Level 2.0 Transmutations


You had 3 spell levels left.
You knew the following spells:

 Your Spells              Type           Power        Failure   Level  Hunger
a - Beastly Appendage     Trmt           #.....       12%         1    #......
b - Sticks to Snakes      Trmt           #.........   14%         2    ###....


Dungeon Overview and Level Annotations

Branches:
Dungeon (2/15)

Altars:

Annotations:
D:2 exclusion: gnoll


Innate Abilities, Weirdness & Mutations

You cannot wear most types of armour.
You are amphibious.
You can wear up to eight rings at the same time.
You can use your tentacles to constrict eight enemies at once.
Your skin changes colour to match your surroundings (Stealth).
Your rubbery body absorbs attacks (AC +1).


Message History

The adder barely misses you. The adder bites you.
You tentacle-slap the adder. Your grab misses the adder.
The adder is almost dead.
The adder bites you.
You are poisoned.
The adder poisons you! The adder misses you.
You tentacle-slap the adder but do no damage.
Your grab misses the adder.
The adder is almost dead.
You feel sick. The adder barely misses you. The adder closely misses you.
You tentacle-slap the adder but do no damage.
Your grab misses the adder. Your squeeze misses the adder.
The adder is almost dead.
The adder bites you.
* * * LOW HITPOINT WARNING * * *
You are more poisoned.
The adder poisons you! The adder bites you.
* * * LOW HITPOINT WARNING * * *
The adder bites you.
You die...

##.#...##.##............##.##.#
.......##.#####.###...####.##.#
........#........###.#.####.##.#
...............................#
........#..#####.###.#.####.####
..........# #.# #.#.# #.# #
#####.#...# #.# #.#.# #.#
#.#...#####S# #.#.# #.#
#.##......@.# #.#.# #
#.>....S...#.#. ##.#####.#.#.#
#.# ...... #.# .#..... #.#
.#.### #.# .# # #.# .. . #


You could see 2 adders.

Vanquished Creatures
  An ooze (D:1)
  A worm (D:2)
  3 giant cockroaches (D:1)
  2 goblins (D:1)
  3 hobgoblins
  A quokka (D:2)
  2 ball pythons
  4 bats
  A giant newt (D:1)
  3 kobolds
  2 rats (D:2)
23 creatures vanquished.

Notes
Turn   | Place    | Note
--------------------------------------------------------------
     0 | D:1      | Hanyuu, the Octopode Transmuter, began the quest for the Orb.
     0 | D:1      | Reached XP level 1. HP: 13/13 MP: 3/3
   623 | D:1      | Reached XP level 2. HP: 18/18 MP: 5/5
   982 | D:1      | Learned a level 2 spell: Sticks to Snakes
  1186 | D:2      | Reached skill level 4 in Unarmed Combat
  1314 | D:2      | Reached XP level 3. HP: 23/23 MP: 6/6
  1464 | D:2      | Slain by an adder

Action                   || total
-------------------------++-------
Melee: Unarmed           ||    57
 Stab: Sleeping          ||     5
  Eat: Chunk             ||     2
